[Event "Early-Titled-Tuesday-Blitz-February-13-2024"]
[Site "Chess.com"]
[Date "2024.02.13"]
[Round "6"]
[White "Ron_Weasley_Chess"]
[Black "Fh2411"]
[Result "0-1"]
[WhiteElo "2459"]
[BlackElo "2635"]
[TimeControl "180+1"]
[EndTime "9:10:49 PST"]
[Termination "Fh2411 won on time"]

1. Nf3 d5 2. g3 c6 3. Bg2 Bf5 4.
O-O e6 5. b3 Nf6 6. Bb2 h6 7.
c4 Be7 8. d3 O-O 9. Nc3 a5 10.
Nd4 Bh7 11. e4 dxc4 12. dxc4 Na6 13. Nc2 Nc5 14. Qe2 Qd3 15. f3 Rfd8 16. Rad1 Qxe2 17.
Nxe2 Nd3 18. Bd4 Nb4 19. Ne3 c5 20. Bxf6 Bxf6 21. a3 Nc6 22. f4 Bb2 23. Nc2 e5 24. Ne3 Nd4 25. Nxd4 Bxd4 26. Kf2 exf4 27. gxf4 Rab8 28.
a4 f6 29. f5 g6 30. fxg6 Bxg6 31. Ke2 Re8 32. Rf4 f5 33. Nxf5 Bxf5 34. Rxf5 Re7 35.
Rdf1 Rbe8 36. Kd3 Rg7 37. Bh3 Kh8 38. Rh5 Kh7 39. Bf5+ Kg8 40. Rxh6 Rg2 41. Rg6+ Rxg6 42. Bxg6 Rd8 43. Bf7+ Kg7 44. Bd5 b6 45. Rf5 Rh8 46.
Rg5+ Kf6 47. Rf5+ Kg7 48. Rg5+ Kf6 49. Rg2 Rh3+ 50. Kc2 Rc3+ 51. Kd2 Rxb3 52. h4 Rh3 53. Ke2 Rxh4 0-1

[Event "Early-Titled-Tuesday-Blitz-February-13-2024"]
[Site "Chess.com"]
[Date "2024.02.13"]
[Round "6"]
[White "OscarAng"]
[Black "jaskol95"]
[Result "0-1"]
[WhiteElo "2329"]
[BlackElo "2582"]
[TimeControl "180+1"]
[EndTime "9:10:49 PST"]
[Termination "jaskol95 won by checkmate"]

1. d4 e6 2. e4 d5 3. Nc3 Bb4 4. exd5 exd5 5. Qf3 c6 6. Bd3 Nf6 7. Bg5 Be6 8. Ne2 Nbd7 9. Nf4 Qa5 10. O-O O-O 11. Nxe6 fxe6 12. Qh3 Rae8 13. a3 Bxc3 14.
bxc3 e5 15. Bf5 Qc7 16. Rfe1 e4 17. Re3 g6 18. Be6+ Kh8 19. Bh6 Qd6 20. Bxd7 Nxd7 21. Bxf8 Rxf8 22. f3 Qf4 23. Rae1 Nf6 24. fxe4 Nxe4 25. Rf3 Qd6 26. Rxf8+ Qxf8 27. Qf3 Qxa3 28.
h3 Kg7 29. Rf1 Qe7 30. Re1 a5 31. c4 a4 32. cxd5 cxd5 33. Re3 Qf6 34. Qe2 Qxd4 35. Kh2 a3 36. c3 Qe5+ 37. Kg1 Qd6 38. Qd3 Qc5 39. Kh2 Kf6 40. Rf3+ Ke6 41. Qf1 Qd6+ 42. Kh1 a2 43. Qe1 Kd7 44. Rd3 Qc5 45. Qxe4 a1=Q+ 46. Kh2 Qag1+ 47. Kg3 Qcf2+ 48. Kg4 Qgxg2+ 49. Qxg2 Qxg2+ 50. Rg3 Qe4+ 51. Kg5 Qe5+ 52. Kh6 Qxg3 53. Kg7 Qxc3+ 54.
Kg8 Qxh3 55. Kh8 Qe6 56. Kxh7 Qf6 57. Kg8 g5 58. Kh7 g4 59. Kg8 g3 60. Kh7 g2 61.
Kg8 g1=Q+ 62. Kh7 Qgg7# 0-1

[Event "Early-Titled-Tuesday-Blitz-February-13-2024"]
[Site "Chess.com"]
[Date "2024.02.13"]
[Round "6"]
[White "Alblooshi_Hamad"]
[Black "InitiatingASC"]
[Result "1-0"]
[WhiteElo "2242"]
[BlackElo "2398"]
[TimeControl "180+1"]
[EndTime "9:10:49 PST"]
[Termination "Alblooshi_Hamad won on time"]

1. d4 d5 2. c4 e6 3. Nc3 a6 4. cxd5 exd5 5. Bf4 Nf6 6. e3 Bd6 7. Bg3 O-O 8. Bd3 Bg4 9. Qc2 Nc6 10. a3 Bh5 11. Nf3 Bg6 12. O-O Ne7 13. Ne5 Nh5 14. Nxg6 hxg6 15. Bxd6 Qxd6 16. Ne2 Nf6 17. Rac1 c6 18. b4 Ng4 19. Ng3 Rfe8 20. h3 Nf6 21. Qb1 Nc8 22. a4 b5 23. a5 Ra7 24. Rc3 Rae7 25.
Rfc1 Na7 26. Qb2 Rxe3 27. fxe3 Qxg3 28. Qf2 Qxe3 29. Qxe3 Rxe3 30. Kf2 Re6 31. Bb1 Ne4+ 32. Bxe4 Rxe4 33. Rd1 f5 34. Re3 Kf7 35. Rxe4 dxe4 36. Ke3 Ke6 37. Rc1 Kd6 38. Rc5 Nc8 39. Kf4 Ne7 40. Kg5 e3 41. Re5 Nd5 42. Kxg6 f4 43. Kf5 Nxb4 44. Re8 Nd5 45. Ke4 b4 46. Kd3 c5 47.
dxc5+ Kxc5 48. Re5 Kd6 49. Rg5 b3 50. Rxg7 b2 51.
Rg6+ Kc5 52. Kc2 e2 53. Re6 Nb4+ 54. Kb1 f3 55. gxf3 1-0

[Event "Early-Titled-Tuesday-Blitz-February-13-2024"]
[Site "Chess.com"]
[Date "2024.02.13"]
[Round "6"]
[White "kekic76"]
[Black "Dewarfd"]
[Result "0-1"]
[WhiteElo "2331"]
[BlackElo "2168"]
[TimeControl "180+1"]
[EndTime "9:10:49 PST"]
[Termination "Dewarfd won by resignation"]

1. e4 c5 2. Nf3 g6 3. d4 cxd4 4.
Nxd4 Nc6 5. Nc3 Bg7 6. Be3 Nf6 7.
Bc4 O-O 8. f3 d5 9. exd5 Na5 10.
Bb3 Nxb3 11. axb3 Nxd5 12. Nxd5 Qxd5 13. O-O a6 14. Rb1 Rd8 15. Ne2 Bf5 16. Qxd5 Rxd5 17. Nc3 Rd7 18. Rf2 Rc8 19. Rd1 Rxd1+ 20. Nxd1 Rxc2 21. Rxc2 Bxc2 22. Nc3 Bxb3 23. Kf2 b5 24. Bc1 f5 25. Ke3 e5 26. Ke2 Bf8 27. Bd2 Bc5 28. Bc1 Kf7 29. Bd2 Ke6 30. Bc1 b4 31. Nb1 Bg1 32. Nd2 Bd5 33. h3 a5 34. Nf1 Bd4 35. Ne3 Bb3 36. g4 a4 37. Nf1 Bc4+ 38. Ke1 Bxf1 39. Kxf1 b3 40. Ke2 a3 41. bxa3 b2 42.
Bxb2 Bxb2 43. a4 Bc3 44. Kd3 Ba5 45. Ke3 Kf6 46. f4 Bb6+ 47. Kf3 e4+ 48. Ke2 Ke6 49. g5 Kd5 50. h4 Kc4 51. a5 Bxa5 52. Kf2 Bd2 53. Kg2 Bxf4 0-1

[Event "Early-Titled-Tuesday-Blitz-February-13-2024"]
[Site "Chess.com"]
[Date "2024.02.13"]
[Round "6"]
[White "wild3000"]
[Black "gxbg2000"]
[Result "1-0"]
[WhiteElo "2390"]
[BlackElo "2065"]
[TimeControl "180+1"]
[EndTime "9:10:50 PST"]
[Termination "wild3000 won by checkmate"]

1. d4 d5 2. g3 c6 3. Bg2 g6 4. Nf3 Bg7 5. O-O Nf6 6. b3 O-O 7.
Bb2 Bg4 8. Ne5 Nbd7 9. Nd2 Nxe5 10. dxe5 Nd7 11. h3 Be6 12. f4 f5 13. c4 Nb6 14. c5 Nd7 15. Bd4 Re8 16. b4 Nf8 17.
a4 Bd7 18. e3 e6 19. Qb3 h5 20. Nf3 Nh7 21. Kf2 Rf8 22. b5 Rb8 23. Rfb1 Qc7 24.
Bf1 Rfc8 25. b6 axb6 26. Qxb6 Qxb6 27. Rxb6 Bf8 28. a5 Be7 29. a6 bxa6 30. Rxb8 Rxb8 31. Rxa6 Nf8 32. Ra7 Kf7 33. Bd3 Ke8 34. Be2 Bc8 35. g4 hxg4 36. hxg4 Nd7 37. Rc7 Nxc5 38. Bxc5 Bxc5 39.
Rxc6 Be7 40. Nd4 Bd7 41. Ra6 Kf7 42. gxf5 gxf5 43. Bh5+ Kf8 44. Nxe6+ Bxe6 45. Rxe6 Rb2+ 46. Kf3 Rh2 47. Bg6 Rh3+ 48. Ke2 Bc5 49. Rf6+ Kg7 50. Bxf5 Rxe3+ 51. Kd2 d4 52. Rc6 Bb4+ 53. Kd1 Rf3 54. Rc7+ Kf8 55. Rc4 Bc3 56. e6 Rxf4 57. Rc8+ Ke7 58.
Rc7+ Kd6 59. Rd7+ Kc6 60. e7 Rxf5 61. e8=Q Rf1+ 62. Kc2 Rf2+ 63. Kd3 Rd2+ 64. Kc4 Kb6 65. Qe6+ Ka5 66. Ra7# 1-0

[Event "Early-Titled-Tuesday-Blitz-February-13-2024"]
[Site "Chess.com"]
[Date "2024.02.13"]
[Round "6"]
[White "TrahtarBelarus"]
[Black "deribas12345"]
[Result "1/2-1/2"]
[WhiteElo "2871"]
[BlackElo "2608"]
[TimeControl "180+1"]
[EndTime "9:10:53 PST"]
[Termination "Game drawn by repetition"]

1. c4 c5 2. Nf3 Nf6 3. Nc3 g6 4.
g3 Bg7 5. Bg2 O-O 6. O-O Nc6 7.
d4 cxd4 8. Nxd4 Nxd4 9. Qxd4 Qa5 10. Bd2 Qh5 11. Bf3 Qh3 12. Bg2 Qh5 13. Qd3 d6 14. b3 Bf5 15. e4 Bh3 16. f3 Bxg2 17. Kxg2 Rac8 18. Rac1 a6 19. Nd5 Nxd5 20. cxd5 Qe5 21.
Rc2 Rxc2 22. Qxc2 Qb2 23. Qxb2 Bxb2 24. Rb1 Ba3 25. Bc1 Bc5 26. Bh6 Rc8 27. Rc1 Rc7 28. Kf1 Bb6 29. Rxc7 Bxc7 30. Ke2 e6 31. Be3 exd5 32.
exd5 f5 33. g4 fxg4 34. fxg4 Kf7 35. Kf3 b5 36. Kf4 Ba5 37. h3 Bc3 38. Ke4 Bb4 39.
a4 bxa4 40. bxa4 Be1 41. Bf4 Bb4 42. Kd4 Bc5+ 43. Kc4 Kf6 44. Kd3 h5 45. gxh5 gxh5 46. Ke4 Ba3 47. Be3 Bb4 48. Kf4 Ba3 49. Bd4+ Kg6 50. Be3 Bb4 51. Bb6 Bd2+ 52. Ke4 Bb4 53. Bd8 Bc5 54. Be7 Ba3 55. Kf4 Bc1+ 56. Ke4 Ba3 57.
Bd8 Bb4 58. Be7 Ba3 1/2-1/2

[Event "Early-Titled-Tuesday-Blitz-February-13-2024"]
[Site "Chess.com"]
[Date "2024.02.13"]
[Round "6"]
[White "maxip32"]
[Black "Mops_2004"]
[Result "1/2-1/2"]
[WhiteElo "2671"]
[BlackElo "2848"]
[TimeControl "180+1"]
[EndTime "9:10:53 PST"]
[Termination "Game drawn by repetition"]

1. e4 g6 2. d4 Bg7 3. Nc3 d6 4.
Be3 a6 5. h4 h6 6. f4 h5 7. Nf3 Nh6 8. Qd2 Ng4 9. Bd3 b5 10. a4 b4 11. Ne2 Nd7 12. f5 gxf5 13.
exf5 Nxe3 14. Qxe3 Nf6 15. O-O Bb7 16. Ng5 Qd7 17.
Nf4 Nd5 18. Nxd5 Bxd5 19. f6 Bh6 20. c4 Bb7 21. d5 O-O-O 22. Bf5 e6 23. dxe6 Qc6 24.
e7+ Kb8 25. exd8=Q+ Rxd8 26. Qf3 Qc5+ 27. Qf2 Qxc4 28. Rac1 Qb3 29. Rfe1 Bf8 30. Qc2 Qg3 31. Be4 d5 32. Bf5 Bd6 33. Nf3 d4 34. Qf2 Qf4 35.
Bd3 Rg8 36. Kf1 Rg3 37. Be2 d3 38. Bd1 d2 39. Nxd2 Bxg2+ 40. Ke2 Qg4+ 41. Nf3 Rxf3 42. Qg1 Rf1+ 43. Kd2 Qf4+ 44. Qe3 Rf2+ 45. Re2 Rxe2+ 46. Bxe2 Qh2 47. Rc4 Bh3 48. Qe8+ Kb7 49. Qc6+ Kb8 50. Qe8+ Kb7 51. Qc6+ Kb8 52. Qe8+ 1/2-1/2

[Event "Early-Titled-Tuesday-Blitz-February-13-2024"]
[Site "Chess.com"]
[Date "2024.02.13"]
[Round "6"]
[White "scarabee43"]
[Black "Yan_Dyomin2010"]
[Result "1-0"]
[WhiteElo "2863"]
[BlackElo "2592"]
[TimeControl "180+1"]
[EndTime "9:10:53 PST"]
[Termination "scarabee43 won on time"]

1. Nf3 Nf6 2. c4 g6 3. Nc3 d5 4. cxd5 Nxd5 5. Qb3 Nb6 6. d4 Bg7 7. Bf4 O-O 8. e3 N8d7 9. a4 Nf6 10. a5 Nbd5 11.
Be5 Nxc3 12. bxc3 c6 13. Bc4 Ne4 14. Bxg7 Kxg7 15. Ne5 Nd6 16. Be2 Qc7 17. O-O Be6 18. Qb4 Rfc8 19. Nd3 Bc4 20. Rfb1 Bxd3 21. Bxd3 c5 22.
Qb2 cxd4 23. cxd4 Qc3 24. Be2 Qxb2 25. Rxb2 Rab8 26. h4 e6 27. Rab1 Rc6 28. Bf3 Ra6 29.
Bxb7 Rxa5 30. Bf3 Rxb2 31. Rxb2 Ra1+ 32. Kh2 a5 33. Rb6 Nf5 34. h5 a4 35. Ra6 a3 36.
Ra7 Kf6 37. g4 Nh4 38. Be4 a2 39. d5 Ke5 40. dxe6 fxe6 41. Ba8 gxh5 42. gxh5 Nf5 43. Ra5+ Kf6 44. Ra6 Nd6 45. Bf3 Nc4 46. Bd5 Nb6 47. Bxa2 Nd5 48. Kg3 Ke5 49. Kf3 Nc7 50. Ra5+ Kf6 51.
Ke4 Nd5 52. Kd4 1-0

[Event "Early-Titled-Tuesday-Blitz-February-13-2024"]
[Site "Chess.com"]
[Date "2024.02.13"]
[Round "6"]
[White "Quattroporte300"]
[Black "temiksmozg"]
[Result "0-1"]
[WhiteElo "2413"]
[BlackElo "2610"]
[TimeControl "180+1"]
[EndTime "9:10:53 PST"]
[Termination "temiksmozg won by checkmate"]

1. e4 c5 2. Nf3 Nc6 3. d4 cxd4 4. Nxd4 Nf6 5. Nc3 e5 6. Ndb5 d6 7. Nd5 Nxd5 8. exd5 Nb8 9. a4 Be7 10. Be2 O-O 11. O-O f5 12. f4 Nd7 13. a5 a6 14.
Nc3 Bf6 15. Be3 Qe8 16. Qd2 exf4 17. Bxf4 Ne5 18. Rae1 Bd7 19. Bd3 h6 20. Be3 Qh5 21. Be2 Qf7 22. Bd4 g5 23. Kh1 Rae8 24. Qd1 Qg7 25.
Bh5 Re7 26. Rf2 g4 27. Ref1 Qg5 28. Bxe5 Bxe5 29. Bxg4 Qh4 30. Bh3 Rg7 31. Qd3 Rg5 32. Rf3 Kh8 33. Qe2 Rfg8 34. Qf2 Rxg2 35. Qxg2 Rxg2 36. Kxg2 h5 37. Kh1 Kg8 38. Ne2 Kf8 39. R1f2 Ke7 40. Bxf5 Bb5 41. Bd3 Bxd3 42. cxd3 Kd8 43.
Ng3 Kc7 44. Kg2 Kb8 45. Rf8+ Ka7 46. R8f7 Qg4 47. Kf1 h4 48. Ne2 h3 49. R7f3 Bxb2 50.
Ng3 Be5 51. Rf7 Qa4 52. Ne2 Qd1# 0-1

[Event "Early-Titled-Tuesday-Blitz-February-13-2024"]
[Site "Chess.com"]
[Date "2024.02.13"]
[Round "6"]
[White "crazy_but_lazy"]
[Black "The_Straightforward_Rook"]
[Result "0-1"]
[WhiteElo "2586"]
[BlackElo "2432"]
[TimeControl "180+1"]
[EndTime "9:10:54 PST"]
[Termination "The_Straightforward_Rook won by resignation"]

1. e4 c6 2. d4 d5 3. exd5 cxd5 4. Bd3 Nc6 5. c3 Qc7 6. Ne2 e5 7. dxe5 Nxe5 8. Bb5+ Bd7 9. Bxd7+ Qxd7 10. O-O Nf6 11.
Re1 Bd6 12. Nd4 O-O 13. Bg5 Ne4 14. Bh4 Rfe8 15. Nd2 Nxd2 16. Qxd2 Nc4 17. Qc2 h6 18. Bg3 Bxg3 19. hxg3 Rxe1+ 20. Rxe1 Re8 21. Rd1 a6 22. b3 Nd6 23. Nf3 Ne4 24. c4 Qc6 25.
Rxd5 b5 26. Re5 bxc4 27. bxc4 Nd6 28. c5 Rc8 29. Nd4 Qb7 30. Nb3 Nb5 31. Qe2 Qd7 32. Re7 Qf5 33. Qe4 Qxe4 34. Rxe4 Nc3 35. Rc4 Nxa2 36. c6 Kf8 37. Kf1 Ke7 38. Ke2 Kd6 39.
Na5 Kc7 40. Kd3 Rb8 41. Rd4 Nb4+ 42. Kc3 Nxc6 43. Rc4 Rb6 44. g4 Kd6 45. Nb3 Rxb3+ 46.
Kxb3 Na5+ 47. Kb4 Nxc4 48. Kxc4 Ke5 49. Kb4 Kf4 50. Ka5 Kxg4 51. Kxa6 g5 52. Kb5 h5 53. Kc4 Kf4 54. Kd3 h4 55. Ke2 g4 56. Kf1 h3 57. Kg1 f5 58. Kf1 h2 0-1

[Event "Early-Titled-Tuesday-Blitz-February-13-2024"]
[Site "Chess.com"]
[Date "2024.02.13"]
[Round "6"]
[White "mr_gustavo"]
[Black "Sam_ChessMood"]
[Result "0-1"]
[WhiteElo "2741"]
[BlackElo "2931"]
[TimeControl "180+1"]
[EndTime "9:10:56 PST"]
[Termination "Sam_ChessMood won on time"]

1. c4 e5 2. Nc3 Bb4 3. Nd5 Be7 4. Nf3 d6 5. d4 Nf6 6. Nxe7 Qxe7 7. e3 O-O 8. Be2 c5 9. O-O e4 10. Ne1 Nc6 11.
Nc2 Bf5 12. b3 b6 13. Bb2 Rfe8 14.
Qd2 Rad8 15. Rfe1 h5 16. a3 d5 17. cxd5 Nxd5 18. Bb5 Qe6 19. Rac1 Qg6 20. Kh1 h4 21. h3 Re6 22. b4 Bxh3 23. gxh3 Qf5 24. Bf1 Rg6 25.
Bg2 Rxg2 26. Kxg2 Ne5 27. dxe5 Nf4+ 28. exf4 Rxd2 29. Bc3 Rxf2+ 30. Kxf2 Qxf4+ 31. Kg2 Qg3+ 32. Kh1 Qxh3+ 33. Kg1 Qg3+ 34. Kh1 Qxc3 35. e6 Qh3+ 36. Kg1 Qxe6 37. bxc5 bxc5 38. Ne3 f5 39. Rxc5 f4 40. Nf5 e3 41. Kh2 Qa2+ 42. Kh3 Qf2 43. Rb1 e2 44.
Rc7 Qf1+ 45. Rxf1 exf1=Q+ 46. Kxh4 f3 47. Rxg7+ Kf8 48. Rc7 f2 49. Kg5 Qd3 0-1

[Event "Early-Titled-Tuesday-Blitz-February-13-2024"]
[Site "Chess.com"]
[Date "2024.02.13"]
[Round "6"]
[White "ansko1999"]
[Black "Brahianzevich"]
[Result "0-1"]
[WhiteElo "2656"]
[BlackElo "2447"]
[TimeControl "180+1"]
[EndTime "9:10:56 PST"]
[Termination "Brahianzevich won by checkmate"]

1. Nf3 d5 2. b3 e6 3. Bb2 Nf6 4. e3 Be7 5. Be2 O-O 6. O-O b6 7. c4 Bb7 8. Nc3 c5 9. cxd5 Nxd5 10. Qc2 Nc6 11. a3 Rc8 12. Rac1 Nxc3 13. Bxc3 Bf6 14. Rfd1 Bxc3 15. Qxc3 Qd5 16. b4 cxb4 17. axb4 Ne7 18. Qe5 f6 19. Qxd5 Nxd5 20. b5 Rxc1 21. Rxc1 Rc8 22. Rxc8+ Bxc8 23. Nd4 Bd7 24. Bc4 Nc7 25.
f4 Kf8 26. Kf2 Ke7 27. e4 Kd6 28. Ke3 Kc5 29. d3 e5 30. fxe5 fxe5 31. Nf3 Bxb5 32.
Bxb5 Nxb5 33. Nxe5 a5 34. d4+ Kd6 35. Nc4+ Kc7 36. e5 a4 37. d5 a3 38. Nd2 a2 39. Nb3 Nc3 40. Kd4 Ne2+ 41. Kd3 Nc1+ 42. Kc3 Nxb3 43. Kxb3 a1=Q 44. e6 Kd6 45. Kc4 Qe5 46.
e7 Qxd5+ 47. Kb4 Qe5 48. e8=Q Qxe8 49. g4 Qc6 50. g5 Qc5+ 51. Ka4 Qxg5 52. h4 Qxh4+ 53. Kb5 Qd4 54. Ka6 b5 55. Ka5 b4 56.
Kb5 b3 57. Ka5 b2 58. Ka6 b1=Q 59. Ka5 Qbb4+ 60. Ka6 Qdb6# 0-1

[Event "Early-Titled-Tuesday-Blitz-February-13-2024"]
[Site "Chess.com"]
[Date "2024.02.13"]
[Round "6"]
[White "Iuckyducky"]
[Black "LangesNasenhaar"]
[Result "1-0"]
[WhiteElo "2289"]
[BlackElo "2444"]
[TimeControl "180+1"]
[EndTime "9:10:57 PST"]
[Termination "Iuckyducky won on time"]

1. e4 g6 2. d4 Bg7 3. Nc3 c6 4. Nf3 d5 5. e5 f6 6. Bd3 Bg4 7. Bf4 fxe5 8. dxe5 Nh6 9. h3 Bxf3 10. Qxf3 O-O 11.
Qg3 Nf5 12. Qg4 Nd7 13. O-O-O Nxe5 14. Bxe5 Bxe5 15. h4 Nh6 16. Qe6+ Nf7 17. h5 Qd6 18. Qxd6 Nxd6 19. hxg6 hxg6 20. f3 Kg7 21. Rde1 Kf6 22. Ne2 Nf5 23. g4 Ng3 24. Nxg3 Bxg3 25. Re2 Rh8 26. Rg1 Bf4+ 27. Kd1 g5 28. c3 e5 29. Bf5 Rh3 30. Rf1 Rah8 31. Kc2 Rh1 32. Rff2 Rg1 33. Rg2 Rf1 34. Rgf2 Rhh1 35. Bc8 Rxf2 36.
Rxf2 e4 37. fxe4 dxe4 38. Bxb7 e3 39. Re2 c5 40. Bf3 Rf1 41. Be4 Ke5 42. Bf5 Rf2 43. Kd3 Rf1 44. c4 Rd1+ 45. Kc2 Rd4 46. b3 Rd8 47. a3 a5 48. a4 Rh8 49. Kc3 Rh1 50. Kd3 Rb1 51. Kc3 Ra1 52. Kb2 Rf1 53. Kc3 Rg1 54. Kd3 Rg2 55. Rxg2 Kd6 56. Re2 Ke5 57. Rxe3+ Bxe3 58. Kxe3 1-0

[Event "Early-Titled-Tuesday-Blitz-February-13-2024"]
[Site "Chess.com"]
[Date "2024.02.13"]
[Round "6"]
[White "Flaccidmoves"]
[Black "Ati1517"]
[Result "1-0"]
[WhiteElo "2427"]
[BlackElo "2239"]
[TimeControl "180+1"]
[EndTime "9:10:57 PST"]
[Termination "Flaccidmoves won by resignation"]

1. e4 c5 2. c3 d5 3. exd5 Qxd5 4. d4 Nc6 5. Nf3 Bg4 6. Be2 e6 7. O-O Nf6 8. c4 Qd8 9. Be3 cxd4 10. Nxd4 Bxe2 11. Nxe2 Be7 12. Nbc3 O-O 13. Rc1 Qxd1 14. Rfxd1 Rad8 15. a3 a6 16. b4 Ne5 17. c5 Nc4 18. a4 Nxe3 19. fxe3 a5 20. bxa5 Bxc5 21. Nd4 e5 22. Ncb5 exd4 23. Rxc5 dxe3 24. Re1 Rfe8 25. Rc7 e2 26. h3 Rd1 27. Kf2 Ne4+ 28. Kxe2 Nc3+ 29. Kf2 Rdxe1 30. Nxc3 R1e5 31. Nb5 Ra8 32. Rxb7 g6 33. Nd6 Rexa5 34. Rxf7 R8a6 35. Rd7 Rd5 36. Rd8+ Kg7 37. Ne8+ Kf7 38. Rxd5 Kxe8 39. a5 Ke7 40. Rb5 Kd7 41. Kg3 Ra7 42. Kg4 Kc6 43. Re5 Kd6 44.
Rb5 Kc6 45. Rb6+ Kc5 46. Re6 Kd5 47. Re8 Rxa5 48. Re7 h6 49. Rg7 Ra6 50. h4 Ke4 51.
Rh7 h5+ 52. Kg5 Ke3 53. Rg7 Ra5+ 54. Kh6 Kf2 55. Rxg6 Kg1 56. Rg5 Kh2 57. Rxa5 1-0

[Event "Early-Titled-Tuesday-Blitz-February-13-2024"]
[Site "Chess.com"]
[Date "2024.02.13"]
[Round "6"]
[White "David_George21"]
[Black "noblerone"]
[Result "0-1"]
[WhiteElo "2245"]
[BlackElo "2490"]
[TimeControl "180+1"]
[EndTime "9:10:58 PST"]
[Termination "noblerone won by checkmate"]

1. e4 c5 2. Nf3 e6 3. d4 cxd4 4. Nxd4 Qb6 5. c4 Bc5 6. Be3 Nc6 7. Nc2 Bxe3 8. Nxe3 Qxb2 9. Nd2 Nf6 10. Be2 Nd4 11. Bd3 Qc3 12. Qb1 O-O 13. e5 Nh5 14. Bxh7+ Kh8 15.
Nd1 Qa5 16. Qe4 f5 17. Qxd4 Kxh7 18. O-O g5 19. Ne3 Nf4 20. Qd6 Rf7 21. g3 Ng6 22. Nf3 Kh6 23. h4 gxh4 24. gxh4 Qd8 25. Ng5 Kg7 26.
Nxf7 Kxf7 27. Ng2 b6 28. Rad1 Nf8 29. Qd4 Bb7 30. Qf4 Qe7 31. Qg5 Rc8 32. Qxe7+ Kxe7 33. Rd4 Ng6 34. h5 Nxe5 35. f4 Nf3+ 36. Rxf3 Bxf3 37.
Ne3 Rh8 38. Kf2 Bxh5 39. c5 Be8 40. cxb6 axb6 41. Rb4 Rh2+ 42. Ng2 Rh3 43. Rxb6 Ra3 44. Rb2 d6 45. Ne3 Bc6 46. Nc4 Rc3 47. Na5 Bd5 48. Rb5 Ra3 49. Rb6 Rxa5 50. Ke3 Ra3+ 51. Kd4 Ra4+ 52.
Kc3 Rxa2 53. Kb4 Rb2+ 54. Ka5 Rxb6 55. Kxb6 e5 56. Kc7 exf4 57. Kb6 f3 58. Kb5 f2 59.
Kb4 f1=Q 60. Ka5 Qb1 61. Ka6 Bc6 62. Ka7 Qb7# 0-1

[Event "Early-Titled-Tuesday-Blitz-February-13-2024"]
[Site "Chess.com"]
[Date "2024.02.13"]
[Round "6"]
[White "Azerichess"]
[Black "starworld123"]
[Result "0-1"]
[WhiteElo "3048"]
[BlackElo "2849"]
[TimeControl "180+1"]
[EndTime "9:10:59 PST"]
[Termination "starworld123 won on time"]

1. d4 Nf6 2. Bg5 e6 3. e4 h6 4.
Bxf6 Qxf6 5. Nc3 Bb4 6. Qd3 c5 7. e5 Qg6 8. Qxg6 fxg6 9. dxc5 Nc6 10. Nf3 g5 11. h3 Bxc5 12. Ne4 Be7 13. O-O-O Rf8 14. Bb5 Rxf3 15. gxf3 Nxe5 16. Rhe1 Nxf3 17. Re3 Nh4 18. Red3 Nf5 19. Bxd7+ Kf7 20. Rc3 Bxd7 21. Rxd7 b6 22. Ng3 Kf6 23. Nxf5 exf5 24. Rc6+ Kf7 25.
Rcc7 Re8 26. Rxa7 Kf6 27. c3 Bc5 28. Rf7+ Ke5 29. Rxg7 Bxf2 30. Rge7+ Rxe7 31. Rxe7+ Kf6 32. Re8 f4 33. Kd2 h5 34. Ke2 Bc5 35. b4 Bd6 36. Kf3 Kf5 37. Rg8 b5 38. a3 Be7 39.
Rh8 g4+ 40. Kf2 Bh4+ 41. Kf1 Kg5 42. Rg8+ Kf5 43. Rh8 Kg5 44. Rb8 f3 45. Rxb5+ Kg6 46. Rb6+ Kg5 47. hxg4 hxg4 48. Rb8 g3 49. Rg8+ Kf4 50.
a4 Bg5 51. a5 g2+ 52. Kg1 Kf5 0-1

[Event "Early-Titled-Tuesday-Blitz-February-13-2024"]
[Site "Chess.com"]
[Date "2024.02.13"]
[Round "6"]
[White "bazar-wokzal"]
[Black "mbojan"]
[Result "0-1"]
[WhiteElo "2668"]
[BlackElo "2870"]
[TimeControl "180+1"]
[EndTime "9:10:59 PST"]
[Termination "mbojan won on time"]

1. e4 g6 2. Nc3 Nf6 3. e5 Nh5 4. d4 d6 5. g4 Ng7 6. Bf4 h5 7.
f3 Nc6 8. Bb5 Bd7 9. Qd2 a6 10.
Bxc6 bxc6 11. O-O-O hxg4 12. fxg4 Bxg4 13. Nge2 Ne6 14. Kb1 Qd7 15. Rhg1 Nxf4 16. Qxf4 Bxe2 17. Nxe2 Qf5 18. Qe3 Rxh2 19. Rdf1 Qe6 20. Nf4 Qc4 21. Rc1 Bh6 22. b3 Qb4 23. e6 fxe6 24. Qxe6 Bxf4 25. Qxg6+ Kd8 26. Qg8+ Kd7 27. Qg4+ e6 28. Qxf4 Rh7 29.
Qf6 Re8 30. Rcf1 Rhe7 31. Rg7 Qc3 32. Rxe7+ Rxe7 33. Rf3 Qe1+ 34. Kb2 Qe4 35. Rc3 Qd5 36. Qh8 e5 37. dxe5 Qxe5 38. Qh3+ Qe6 39. Qd3 a5 40. a4 Qd5 41. Qa6 Rf7 42. Kb1 Rg7 43. Rd3 Rg1+ 44. Kb2 Qe5+ 45. Rc3 Rg3 46. Qc4 Rxc3 47. Qxc3 Qxc3+ 48.
Kxc3 Ke6 49. b4 axb4+ 50. Kxb4 Kd7 51. Ka5 Kc8 52. Ka6 Kb8 53. c4 Ka8 0-1

[Event "Early-Titled-Tuesday-Blitz-February-13-2024"]
[Site "Chess.com"]
[Date "2024.02.13"]
[Round "6"]
[White "SharapovEvgeny"]
[Black "MyDream003"]
[Result "0-1"]
[WhiteElo "2538"]
[BlackElo "2718"]
[TimeControl "180+1"]
[EndTime "9:11:00 PST"]
[Termination "MyDream003 won on time"]

1. e4 c5 2. Nf3 d6 3. d4 cxd4 4.
Nxd4 Nf6 5. f3 Nc6 6. c4 g6 7. Nc3 Bg7 8. Be3 O-O 9. Be2 Nxd4 10. Bxd4 Be6 11. Qd2 Rc8 12. b3 Qa5 13. Rc1 a6 14. Be3 Nd7 15. Nd5 Qd8 16. O-O Re8 17. Kh1 b6 18. f4 Nc5 19. Bf3 Bd7 20. Rfd1 Bc6 21. b4 Na4 22. f5 Nb2 23. Bxb6 Qd7 24. Bd4 Nxd1 25. Nb6 Qa7 26. Bxg7 Kxg7 27. Nxc8 Nf2+ 28. Kg1 Nh3+ 29. Kh1 Nf2+ 30. Kg1 Nh3+ 31. Kh1 Rxc8 32. gxh3 Qb7 33. Qd4+ f6 34. fxg6 hxg6 35. c5 dxc5 36.
Rxc5 Bb5 37. Kg2 Qb6 38. e5 Rd8 39. exf6+ exf6 40. Qe3 Qd6 41. Rd5 Qc7 42. Rxd8 Qxd8 43. a3 Qd6 44. Be2 Bc6+ 45. Bf3 Bb5 46. Be2 Bc6+ 47.
Bf3 Bd7 48. Bg4 f5 49. Bf3 f4 50. Qc3+ Kh7 51. Qc5 Qd2+ 52. Qf2 Qd3 53. Qh4+ Kg8 0-1

[Event "Early-Titled-Tuesday-Blitz-February-13-2024"]
[Site "Chess.com"]
[Date "2024.02.13"]
[Round "6"]
[White "cukin84"]
[Black "sansanathalia"]
[Result "1-0"]
[WhiteElo "2240"]
[BlackElo "2376"]
[TimeControl "180+1"]
[EndTime "9:11:02 PST"]
[Termination "cukin84 won on time"]

1. e4 c5 2. Nc3 d6 3. f4 Nf6 4. Nf3 e6 5. d3 Be7 6. g3 O-O 7. Bg2 Nc6 8. O-O d5 9. e5 Nd7 10. Qe1 a6 11. f5 d4 12. fxe6 fxe6 13. Ne4 Ndxe5 14. Nxe5 Nxe5 15. Rxf8+ Bxf8 16. Bf4 Ng6 17. Bg5 Qb6 18. b3 h6 19. Bd2 e5 20. Ba5 Qe6 21.
Nd2 Be7 22. Nc4 Bf6 23. Nb6 Ne7 24. Nxa8 Nc6 25. Nb6 Kh8 26. Nxc8 Qxc8 27. Bxc6 Qxc6 28.
Qe4 Qb5 29. Bd2 Qd7 30. Rf1 Qe7 31. Qg6 c4 32. bxc4 b5 33. cxb5 axb5 34. Bxh6 e4 35. dxe4 d3 36. Be3 dxc2 37. Qf5 Qa3 38. Bg5 Bd4+ 39. Kh1 Qc3 40. Qh3+ Kg8 41. Qe6+ Kh7 42. Qf5+ Kg8 43. Rc1 Qd3 44. Kg2 Qe2+ 45. Kh3 Bb2 46.
Qe6+ Kh7 47. Qf5+ Kh8 48. Rf1 Qh5+ 49. Bh4 Qxf5+ 50. exf5 c1=Q 51. Rxc1 Bxc1 52. f6 g6 53. Kg4 Kg8 54. Bg5 Bb2 55. h4 Be5 56. h5 gxh5+ 57.
Kxh5 Kf7 58. g4 1-0

[Event "Early-Titled-Tuesday-Blitz-February-13-2024"]
[Site "Chess.com"]
[Date "2024.02.13"]
[Round "6"]
[White "Roedor"]
[Black "Helenita13"]
[Result "0-1"]
[WhiteElo "2291"]
[BlackElo "2264"]
[TimeControl "180+1"]
[EndTime "9:11:02 PST"]
[Termination "Helenita13 won on time"]

1. c4 Nf6 2. g3 e6 3. Bg2 d5 4.
Nf3 d4 5. O-O c5 6. e3 Nc6 7. exd4 cxd4 8. Re1 Be7 9. d3 O-O 10.
a3 a5 11. Nbd2 Re8 12. Ne5 Nxe5 13. Rxe5 Nd7 14. Re1 Nc5 15. Ne4 Nxe4 16. Bxe4 Rb8 17. Bd2 b5 18. b3 bxc4 19. bxc4 Rb2 20. Rb1 Rxb1 21. Qxb1 Bxa3 22. Qb5 Bd7 23. Qxa5 Qxa5 24. Bxa5 Rb8 25. Ra1 Bc5 26. Bc7 Rc8 27. Bf4 f6 28.
Ra6 g5 29. Bd6 Kf7 30. Bxc5 Rxc5 31. Ra7 Ke7 32. Bxh7 f5 33. h4 gxh4 34. gxh4 Re5 35.
h5 f4 36. Bg6 Kd6 37. h6 Rg5+ 38. Kf1 Rxg6 39. h7 Rh6 40. c5+ Kc6 41. Ra4 Rxh7 42. Rxd4 e5 43. Rd6+ Kxc5 44. Rf6 Re7 45. Ke2 Bb5 46. Kd2 Rd7 47. Kc2 Rxd3 48. Rf5 Rd5 49. f3 Kc6 50. Rf6+ Kc5 51. Rf5 Kd4 52. Kd2 Rc5 53. Rf8 Bc6 0-1